 Dungeon Crawl Stone Soup version 0.27.1 (webtiles) character file.

Game seed: 948613145349980834

72 Rrauwl the Vexing (level 4, -2/25 HPs)
             Began as a Deep Elf Arcane Marksman on Aug 22, 2021.
             Succumbed to an adder's poison
             ... on level 2 of the Dungeon on Aug 23, 2021.
             The game lasted 00:05:16 (2214 turns).

Rrauwl the Vexing (Deep Elf Arcane Marksman)        Turns: 2214, Time: 00:05:17

Health: -2/25      AC:  2    Str:  8    XL:     4   Next: 6%
Magic:  9/9        EV: 13    Int: 18    God:
Gold:   56         SH:  0    Dex: 15    Spells: 7/8 levels left

rFire    . . .     SeeInvis .   f - staff of cold
rCold    + . .     Faith    .   (no shield)
rNeg     . . .     Spirit   .   d - +0 robe
rPois    .         Reflect  .   (no helmet)
rElec    .         Harm     .   (no cloak)
rCorr    .         Rampage  .   (no gloves)
Will     .....                  (no boots)
Stlth    +.........             (no amulet)
HPRegen  0.08/turn              (no ring)
MPRegen  0.11/turn              (no ring)

@: lethally poisoned (-2 -> -14)
A: no striking features
a: no special abilities


You were on level 2 of the Dungeon.
You visited 1 branch of the dungeon, and saw 2 of its levels.

You collected 56 gold pieces.

Inventory:

Hand Weapons
 a - a +0 shortbow
Armour
 d - a +0 robe (worn)
Magical Staves
 f - a staff of cold (weapon)
Scrolls
 b - a scroll of teleportation {unknown}
 e - a scroll of silence {unknown}


   Skills:
 - Level 1.0 Fighting
 + Level 3.4 Bows
 + Level 1.1 Armour
 + Level 3.1 Dodging
 + Level 2.6 Spellcasting
 + Level 4.6 Hexes


You had 7 spell levels left.
You knew the following spells:

 Your Spells              Type           Power      Damage    Failure   Level
a - Corona                Hex            21%        N/A       2%          1

Your spell library contained the following spells:

 Spells                   Type           Power      Damage    Failure   Level
 Slow                     Hex            19%        N/A       3%          2
 Inner Flame              Hex/Fire       10%        N/A       21%         3
 Portal Projectile        Hex/Tloc       20%        N/A       21%         3
 Cause Fear               Hex            9%         N/A       26%         4


Dungeon Overview and Level Annotations

Branches:
Dungeon (2/15)

Altars:


Message History

Fire: 2 arrows
Press: ? - help, Q - select action, (/) - cycle Shift-Dir - straight line, f/p - adder
Aim: an adder (lightly wounded, 40% to hit)
You shoot an arrow. The arrow barely misses the adder.
The arrow barely misses the kobold.
The arrow hits the dart slug but does no damage.
You feel sick. The adder closely misses you.
Unknown command.
Fire: arrow
Press: ? - help, Q - select action, (/) - cycle Shift-Dir - straight line, f/p - adder
Aim: an adder (lightly wounded, 40% to hit)
You shoot an arrow. The arrow barely misses the adder.
The arrow closely misses the kobold.
The arrow hits the dart slug.
The dart slug is heavily wounded.
You feel sick.
You are no longer poisoned.
The adder completely misses you. The adder misses you.
Unknown command.
Okay, then.
f - a staff of cold (weapon)
You hit the adder.
The adder is moderately wounded.
The adder bites you.
* * * LOW HITPOINT WARNING * * *
The adder bites you.
* * * LOW HITPOINT WARNING * * *
You are lethally poisoned!
The adder poisons you!
You aren't carrying any potions.
You closely miss the adder.
The adder is moderately wounded.
* * * LOW HITPOINT WARNING * * *
You feel sick. The adder bites you.
* * * LOW HITPOINT WARNING * * *
You are more poisoned.
The adder poisons you!
You hit the adder.
The adder is moderately wounded.
You die...

......# .# #.....### .
#.._..w.. ##. #.....#
#.. #.S...# #.# #.S.#
#.# #..## #.###.####.##
#.....@SKw(#
#####.###### #.# #.#
####.####### ###
#........... #. ..#
#.##.######## #. #.#
#.##.# ##...## #.
#.###.##.###.....######


You could see an adder, a dart slug and a kobold.

Vanquished Creatures
  Jessica (D:2)
  An adder (D:2)
  2 dart slugs (D:1)
  6 bats
  2 endoplasms (D:1)
  A giant cockroach (D:1)
  3 goblins
  3 hobgoblins
  3 jackals (D:1)
  2 kobolds
  2 quokkas
  A ball python (D:2)
  3 frilled lizards
  2 rats
  A bush (D:1)
33 creatures vanquished.

Notes
Turn   | Place    | Note
-------+----------+-------------------------------------------
     0 | D:1      | Rrauwl the Deep Elf Arcane Marksman began the quest for the
                  | Orb.
     0 | D:1      | Reached XP level 1. HP: 11/11 MP: 5/5
   105 | D:1      | Reached skill level 1 in Fighting
   109 | D:1      | Reached XP level 2. HP: 16/16 MP: 6/6
  1559 | D:1      | Reached XP level 3. HP: 20/20 MP: 8/8
  1762 | D:2      | Noticed Jessica
  1764 | D:2      | Killed Jessica
  1765 | D:2      | Reached skill level 1 in Armour
  1889 | D:2      | Reached XP level 4. HP: 18/25 MP: 9/9
  2191 | D:2      | Found a faded altar of an unknown god.
  2213 | D:2      | HP: 1/25 [adder (2)]
  2214 | D:2      | Succumbed to an adder's poison

Illustrated notes

Levels and vault maps discovered:
D:1:      psy_arrival_radial02, layout_loops_ring, minmay_misc_feat_enclosed,
          minmay_hedge_maze
D:2:      layout_loops_ring, ebering_ecumenical_altar_sacrificial,
          nicolae_underground_beach, uniq_robin, uniq_jessica

Skill      XL: |  1  2  3 |
---------------+----------+-----
Fighting       | 1 |  1.0
Bows           | 3 |  3.4
Spellcasting   | 2 |  2.6
Armour         | 1 |  1.1
Dodging        | 3 |  3.1
Hexes          | |  4.6

Action                   |  1- 3 |  4- 6 || total
-------------------------+-------+-------++-------
Melee: Staff             |   419 |     3 ||   422
       Shortbow          |    38 |       ||    38
 Fire: Shortbow          |   106 |    28 ||   134
 Cast: Corona            |       |     2 ||     2
  Use: Scroll            |     1 |       ||     1
Armor: Robe              |    12 |     1 ||    13
Dodge: Dodged            |    32 |    10 ||    42
